 Dungeon Crawl Stone Soup version 0.21.1-1-g345015fe64 (webtiles) character file.

81636 Peloso the Carver (level 15, -4/119 HPs)
             Began as a Demonspawn Fighter on May 6, 2018.
             Was the Champion of Okawaru.
             Killed from afar by a naga mage (19 damage)
             ... with an orb of energy
             ... on level 1 of the Snake Pit.
             The game lasted 01:13:45 (23315 turns).

Peloso the Carver (Demonspawn Fighter)             Turns: 23315, Time: 01:13:46

Health: -4/119     AC: 33    Str: 23    XL:     15   Next: 27%
Magic:  0/15       EV: 16    Int:  9    God:    Okawaru [******]
Gold:   2412       SH: 15    Dex: 18    Spells: 14/14 levels left

rFire    + . .     SeeInvis .   a - +8 demon blade "Bloodbane" {slice, *Rage +Rage Stlth-}
rCold    . . .     Gourm    +   c - +1 shield
rNeg     + + +     Faith    .   h - +8 chain mail of Untold Secrets {rF+ rC+}
rPois    +         Spirit   .   (helmet unavailable)
rElec    .         Reflect  .   m - +0 cloak of the Quahog {+Inv rPois rC- rN+++}
rCorr    .         Harm     .   I - +2 pair of gloves {archery}
MR       +....     Rnd*Rage +   g - +2 pair of boots {Stlth+}
Stlth    ..........             l - amulet of the gourmand
HPRegen  0.29/turn              E - +1 ring of protection
MPRegen  0.14/turn              (no ring)

@: agile, lethally poisoned (-4 -> -13)
A: horns 3, iridescent scales 2, demonic guardian 3, negative energy resistance
1, powered by pain 2
a: Heroism, Finesse, Renounce Religion, Evoke Berserk Rage, Evoke Invisibility


You were on level 1 of the Snake Pit.
You worshipped Okawaru.
Okawaru was exalted by your worship.
You were very full.

You visited 5 branches of the dungeon, and saw 22 of its levels.
You also visited: Volcano.

You collected 3350 gold pieces.
You spent 938 gold pieces at shops.

Inventory:

Hand Weapons
 a - the +8 demon blade "Bloodbane" (weapon) {slice, *Rage +Rage Stlth-}
   (Okawaru gifted it to you on level 1 of the Lair of Beasts)

   It inflicts extra damage upon your enemies.
   It lets you go berserk.
   It may make you go berserk in combat.
   It makes you less stealthy.
 L - a +0 scimitar of flaming
Armour
 c - a +1 shield (worn)
 g - a +2 pair of boots of stealth (worn)
 h - the +8 chain mail of Untold Secrets (worn) {rF+ rC+}
   (You bought it in a shop on level 2 of the Orcish Mines)

   It protects you from fire.
   It protects you from cold.
 m - the +0 cloak of the Quahog (worn) {+Inv rPois rC- rN+++}
   (You acquired it on level 1 of the Lair of Beasts)

   It makes you vulnerable to cold.
   It protects you from poison.
   It renders you almost immune to negative energy.
   It lets you turn invisible.
 I - a +2 pair of gloves of archery (worn)
Jewellery
 k - the ring "Keluhay" {rCorr +Inv Str+3}
   (You bought it in a shop on level 2 of the Orcish Mines)

   [ring of resist corrosion]

   It affects your strength (+3).
   It lets you turn invisible.
 l - an amulet of the gourmand (around neck)
 q - an uncursed ring of magical power {unknown}
 t - an uncursed ring of see invisible {unknown}
 E - a +1 ring of protection (left hand)
Wands
 d - a wand of digging (24)
Scrolls
 e - 5 scrolls of teleportation
 j - 11 scrolls of remove curse
 s - 2 scrolls of fog
 u - 2 scrolls of magic mapping
 D - 10 scrolls of identify
 F - 6 scrolls of fear
 Y - 2 scrolls of blinking
Potions
 b - a potion of brilliance
 i - 6 potions of curing
 n - a potion of berserk rage
 o - a potion of haste
 p - 2 potions of flight
 r - 4 potions of might
 x - 3 potions of invisibility
 A - a potion of agility
 J - 2 potions of resistance
 Q - a potion of heal wounds
Comestibles
 f - 39 rations


   Skills:
 + Level 11.4 Fighting
 + Level 14.2 Long Blades
 + Level 11.9 Armour
 + Level 4.0 Dodging
 + Level 2.8 Stealth
 + Level 13.1 Shields
 + Level 0.5 Invocations
 + Level 0.8 Evocations


You had 14 spell levels left.
You didn't know any spells.

Dungeon Overview and Level Annotations

Branches:
Dungeon (12/15)            Temple (1/1) D:6            Lair (6/6) D:11
  Swamp (0/4) Lair:4        Snake (1/4) Lair:3        Slime (0/5) Lair:5
    Orc (2/2) D:12            Elf (0/3) Orc:2

Altars:
Ashenzari
Elyvilon
Fedhas
Gozag
Hepliaklqana
Nemelex Xobeh
Okawaru
Ru
Sif Muna
Trog
Uskayaw
Xom
Yredelemnul
The Shining One

Shops:
D:8 !   Orc:2 *[=(*

Annotations:
D:10 1 transporter


Innate Abilities, Weirdness & Mutations

You have a pair of large horns on your head.
You are mostly covered in iridescent scales. (AC +4)
A powerful demonic guardian rushes to your aid.
You resist negative energy. (rN+)
You sometimes gain power by taking damage.


Message History

The poison arrow misses you.
Your lorocyproca hits the black mamba!! The mana viper bites you!
* * * LOW HITPOINT WARNING * * *
You feel your power leaking away.
You slice the mana viper!!
You kill the mana viper!
Okawaru accepts your kill.
You feel sick.
The black mamba bites you but does no damage.
You block the black mamba's attack. The black mamba bites you!
* * * LOW HITPOINT WARNING * * *
Your lorocyproca hits the black mamba!!!
The black mamba dies!
Okawaru accepts your kill.
You feel sick.
The black mamba bites you but does no damage.
The naga mage casts a spell at you.
The orb of energy hits the naga mage.
The orb of energy explodes!
The mystic blast hits your lorocyproca. The mystic blast hits you!
You die...

....... .. ...
#. .. #..#..
... ....#####
#..###.......#
..#N.........#
.....N......#
......))....#
#....2†@S.##...
#........##
##......##
########


You could see a black mamba, 2 naga magi and a friendly lorocyproca (invisible).

Vanquished Creatures
  Aizul (Snake:1)
  A stone giant (Orc:2)
  The ghost of Tegun the Cleaver, a journeyman OgSk of the Shining One (D:11)
  2 ettins (Orc:2)
  Erolcha (D:11)
  3 hydras
  A centaur warrior (D:12)
  4 two-headed ogres
  A dancing weapon (Volcano)
  An ogre mage (D:12)
  An orc high priest (Orc:1)
  The ghost of Dickchan the Transmogrifier, a novice DrTm (D:8)
  A naga sharpshooter (Snake:1)
  A skeletal warrior (D:10)
  The ghost of htuhola the Magician, a novice DsFE of Vehumet (D:7)
  Pikel (D:7)
  6 wizards
  2 naga ritualists (Snake:1)
  2 mana vipers (Snake:1)
  An orc knight (Orc:1)
  A harpy (Lair:6)
  A wolf spider (D:12)
  5 ugly things
  4 elephants
  9 cyclopes
  A salamander (Snake:1)
  3 manticores
  4 toenail golems (Volcano)
  8 black mambas
  2 gargoyles (D:12)
  A centaur zombie (D:12)
  11 spiny frogs
  6 rime drakes
  An efreet (D:12)
  14 komodo dragons
  A merfolk (D:9)
  A queen bee (shapeshifter) (D:11)
  2 trolls
  2 hornets (Lair:3)
  4 polar bears
  A hornet (shapeshifter) (D:12)
  6 blink frogs
  A slime creature (D:12)
  9 hippogriffs
  A shadow (D:11)
  10 spriggans (Lair:3)
  29 yaks
  3 wraiths
  A vampire (D:12)
  A basilisk (Lair:4)
  A vampire mosquito (D:12)
  5 wyverns
  A hungry ghost (D:10)
  A steam dragon (D:7)
  Grum (D:11)
  Menkaure (D:6)
  3 wargs
  A soldier ant (D:12)
  5 nagas
  8 water moccasins
  7 porcupines
  A black bear (D:8)
  22 orc warriors
  2 ice beasts
  A necrophage (D:12)
  A phantom (D:6)
  A sky beast (D:12)
  11 wolves
  2 boggarts (Lair:3)
  14 ogres
  3 centaurs
  22 crocodiles
  13 bullfrogs
  A gnoll sergeant (D:10)
  A water moccasin zombie (D:7)
  A wyvern skeleton (D:10)
  6 scorpions
  A wight (D:10)
  9 killer bees
  A howler monkey (D:6)
  4 crimson imps
  3 bullfrog zombies
  A jelly (D:7)
  15 orc priests
  7 hounds
  13 orc wizards
  2 bullfrog skeletons
  Terence (D:3)
  5 hell rats (Lair:5)
  8 iguanas
  A killer bee zombie (D:9)
  10 worker ants
  A worker ant zombie (D:10)
  Robin (D:4)
  9 adders
  10 gnolls
  An ooze (D:6)
  An adder zombie (D:6)
  4 adder skeletons
  A worm (D:3)
  3 dart slugs (D:1)
  6 leopard geckos
  70 orcs
  5 giant cockroaches
  12 goblins
  12 hobgoblins
  5 jackals
  7 quokkas
  A ball python skeleton (D:4)
  8 bats
  4 frilled lizards
  A jackal skeleton (D:8)
  9 kobolds
  A leopard gecko skeleton (D:8)
  A leopard gecko zombie (D:8)
  2 quokka skeletons
  5 rats
  2 bushes (D:4)
  A fungus (Orc:2)
  A plant (Lair:1)
577 creatures vanquished.

Vanquished Creatures (collateral kills)
  A stone giant (Orc:1)
  An ettin (Orc:2)
  Snorg (D:10)
  3 hydras
  A merfolk avatar (Lair:6)
  Harold (D:11)
  A death knight (D:11)
  A centaur warrior (D:12)
  4 death yaks (Lair:6)
  3 two-headed ogres
  2 spriggans (Lair:3)
  The ghost of Dracia the Basher, a novice GrFi of Okawaru (D:10)
  A naga ritualist (Snake:1)
  A harpy (Lair:6)
  3 mana vipers (Snake:1)
  An ugly thing (D:12)
  A manticore (Lair:6)
  2 elephants
  A centaur zombie (D:10)
  3 cyclopes (Orc:2)
  A toenail golem (Volcano)
  2 black mambas (Snake:1)
  A centaur skeleton (D:12)
  The ghost of Tali the Chopper, a novice DsBe of Trog (D:5)
  3 spiny frogs
  A komodo dragon (Lair:6)
  4 rime drakes (Lair:6)
  A freezing wraith (D:11)
  2 trolls
  A polar bear (Lair:6)
  3 hornets
  A hippogriff (Lair:5)
  9 yaks
  A wraith (D:11)
  A steam dragon (D:11)
  A hungry ghost (D:9)
  A naga (Snake:1)
  3 water moccasins
  2 sky beasts
  3 orc warriors
  A black bear (D:8)
  4 slaves (D:7)
  2 ogres
  2 wolves (D:11)
  A centaur (D:8)
  A boggart (Lair:3)
  A crocodile (D:12)
  4 bullfrogs
  A big kobold (D:8)
  A wyvern zombie (D:10)
  5 killer bees
  3 wights (D:10)
  4 crimson imps
  2 hounds
  2 orc priests (Orc:1)
  An iguana (D:11)
  4 orc wizards
  A worker ant (D:5)
  A killer bee zombie (D:6)
  A gnoll (D:2)
  An adder (D:12)
  A shadow imp (D:7)
  10 orcs
  A giant cockroach (D:5)
  2 kobolds (D:8)
  A frilled lizard (D:4)
133 creatures vanquished.

Vanquished Creatures (others)
  5 fungi (Lair:6)
  2 plants
7 creatures vanquished.

Grand Total: 717 creatures vanquished

Notes
Turn   | Place    | Note
-------+----------+-------------------------------------------
     0 | D:1      | Peloso the Demonspawn Fighter began the quest for the Orb.
     0 | D:1      | Reached XP level 1. HP: 18/18 MP: 1/1
   214 | D:1      | Gained mutation: You have a pair of small horns on your head. [demonic ancestry]
   214 | D:1      | Reached XP level 2. HP: 20/24 MP: 2/2
   703 | D:1      | Reached skill level 2 in Long Blades
   904 | D:2      | Noticed an ogre
   909 | D:2      | HP: 1/24 [ogre/giant club (10)]
   911 | D:2      | Killed an ogre
   911 | D:2      | Gained mutation: You have a pair of horns on your head. [demonic ancestry]
   911 | D:2      | Reached XP level 3. HP: 1/29 MP: 3/3
   911 | D:2      | Gained mutation: A weak demonic guardian rushes to your aid. [demonic ancestry]
   911 | D:2      | Reached XP level 4. HP: 2/36 MP: 4/4
  1269 | D:2      | Reached skill level 3 in Long Blades
  1291 | D:2      | Gained mutation: You are partially covered in iridescent scales. (AC +2) [demonic ancestry]
  1291 | D:2      | Reached XP level 5. HP: 16/42 MP: 5/5
  1908 | D:3      | Noticed Terence
  1915 | D:3      | Killed Terence
  2230 | D:3      | Found an opulent altar of Gozag.
  2729 | D:4      | Noticed Robin
  2747 | D:4      | Gained mutation: You are mostly covered in iridescent scales. (AC +4) [demonic ancestry]
  2747 | D:4      | Reached XP level 6. HP: 37/48 MP: 6/6
  2777 | D:4      | Reached skill level 4 in Long Blades
  2785 | D:4      | Killed Robin
  2924 | D:4      | Reached skill level 1 in Dodging
  3017 | D:4      | Gained mutation: A demonic guardian rushes to your aid. [demonic ancestry]
  3017 | D:4      | Reached XP level 7. HP: 52/54 MP: 7/7
  3041 | D:4      | Found a white marble altar of Elyvilon.
  3053 | D:4      | Found an opulent altar of Gozag.
  3056 | D:4      | Found a sacrificial altar of Ru.
  3417 | D:5      | Entered Level 5 of the Dungeon
  3418 | D:5      | Noticed Tali's ghost (novice DsBe)
  3431 | D:5      | Killed Tali's ghost
  3431 | D:5      | Reached skill level 5 in Long Blades
  3598 | D:5      | Gained mutation: You have a pair of large horns on your head. [demonic ancestry]
  3598 | D:5      | Reached XP level 8. HP: 46/61 MP: 8/8
  3817 | D:5      | Reached skill level 5 in Armour
  4424 | D:6      | Reached skill level 6 in Long Blades
  4424 | D:6      | Reached skill level 5 in Shields
  4470 | D:6      | Reached skill level 5 in Fighting
  4633 | D:6      | Noticed Menkaure
  4635 | D:6      | Killed Menkaure
  4656 | D:6      | Found a staircase to the Ecumenical Temple.
  4688 | Temple   | Entered the Ecumenical Temple
  4707 | Temple   | Became a worshipper of Warmaster Okawaru
  4758 | D:6      | Found a shimmering altar of Xom.
  5087 | D:6      | Found a sacrificial altar of Ru.
  5218 | D:7      | Reached skill level 7 in Long Blades
  5218 | D:7      | Gained mutation: You sometimes gain a little power by taking damage. [demonic ancestry]
  5218 | D:7      | Reached XP level 9. HP: 68/68 MP: 9/9
  5319 | D:7      | Noticed htuhola's ghost (novice DsFE)
  5328 | D:7      | Killed htuhola's ghost
  5328 | D:7      | Reached * piety under Okawaru
  5979 | D:7      | Reached ** piety under Okawaru
  6403 | D:7      | Noticed Pikel
  6421 | D:7      | Killed Pikel
  6421 | D:7      | Reached skill level 8 in Long Blades
  6711 | D:8      | Found a blossoming altar of Fedhas.
  6751 | D:8      | HP: 1/69 [orc priest/divine providence (14)]
  6795 | D:8      | Noticed Dickchan's ghost (novice DrTm)
  7015 | D:8      | Reached *** piety under Okawaru
  7016 | D:8      | Gained mutation: A powerful demonic guardian rushes to your aid. [demonic ancestry]
  7016 | D:8      | Reached XP level 10. HP: 76/76 MP: 10/10
  7019 | D:8      | Found Idonuts's Distillery.
  7024 | D:8      | Killed Dickchan's ghost
  7032 | D:8      | Bought a potion of curing for 30 gold pieces
  7032 | D:8      | Bought a potion of heal wounds for 50 gold pieces
  7196 | D:8      | Noticed a two-headed ogre
  7202 | D:8      | Killed a two-headed ogre
  7202 | D:8      | Reached skill level 1 in Stealth
  7275 | D:8      | Noticed a two-headed ogre
  7283 | D:8      | Killed a two-headed ogre
  7283 | D:8      | Reached **** piety under Okawaru
  7283 | D:8      | Reached skill level 9 in Long Blades
  7339 | D:8      | Found a bloodstained altar of Trog.
  8444 | D:9      | Noticed a two-headed ogre
  8469 | D:9      | Killed a two-headed ogre
  8469 | D:9      | Reached ***** piety under Okawaru
  8469 | D:9      | Gained mutation: You sometimes gain power by taking damage. [demonic ancestry]
  8469 | D:9      | Reached XP level 11. HP: 30/84 MP: 11/11
  8849 | D:10     | Entered Level 10 of the Dungeon
  8942 | D:10     | Noticed Dracia's ghost (novice GrFi)
  8956 | D:10     | Killed Dracia's ghost
  8961 | D:10     | Noticed a two-headed ogre
  8971 | D:10     | Killed a two-headed ogre
  8971 | D:10     | Received a gift from Okawaru
  8971 | D:10     | Reached skill level 10 in Long Blades
  9165 | D:10     | Noticed Snorg
  9172 | D:10     | Killed Snorg
  9253 | D:10     | Found a sparkling altar of Nemelex Xobeh.
  9253 | D:10     | Found a transporter.
  9254 | D:10     | Noticed a stone giant
  9652 | D:11     | Noticed a death knight
  9652 | D:11     | Noticed a skeletal warrior
  9939 | D:11     | Killed a death knight
  9955 | D:10     | HP: 4/85 [skeletal warrior/long sword[a death knight] (15)]
  9957 | D:10     | Killed a skeletal warrior
 10316 | D:11     | Found a staircase to the Lair.
 10326 | D:11     | Noticed Grum
 10347 | D:11     | Killed Grum
 10400 | D:11     | Noticed Tegun's ghost (journeyman OgSk)
 10410 | D:11     | Killed Tegun's ghost
 10430 | D:11     | Noticed Erolcha
 10433 | D:11     | Noticed Harold
 10446 | D:11     | Killed Erolcha
 10451 | D:11     | Killed Harold
 10794 | D:11     | Reached ****** piety under Okawaru
 10794 | D:11     | Received a gift from Okawaru
 10799 | D:11     | Reached XP level 12. HP: 63/92 MP: 12/12
 11099 | D:12     | Reached skill level 11 in Long Blades
 11403 | D:12     | Noticed a two-headed ogre
 11490 | D:12     | Killed a two-headed ogre
 12021 | D:12     | Noticed a two-headed ogre
 12026 | D:12     | Killed a two-headed ogre
 12026 | D:12     | Received a gift from Okawaru
 12026 | D:12     | Reached skill level 10 in Shields
 12097 | D:12     | Got a bound lapis lazuli ring
 12187 | D:12     | Noticed a centaur warrior
 12197 | D:12     | Killed a centaur warrior
 12282 | D:12     | Identified the ring "Puffyll" {Wiz rElec MR+ Str-3 Dex+3} (You took it off an orc warrior on level 12 of the Dungeon)
 12340 | D:12     | Identified the Handbook of Warped Venom
 12406 | D:12     | Noticed an eight-headed hydra
 12412 | D:12     | Noticed a centaur warrior
 12412 | D:12     | Killed an eight-headed hydra
 12415 | D:12     | Found a staircase to the Orcish Mines.
 12423 | D:12     | Killed a centaur warrior
 12644 | D:12     | Noticed an ogre mage
 12982 | D:12     | Killed an ogre mage
 13619 | D:12     | Noticed a two-headed ogre
 13624 | D:12     | Killed a two-headed ogre
 13624 | D:12     | Gained mutation: You resist negative energy. (rN+) [demonic ancestry]
 13624 | D:12     | Reached XP level 13. HP: 86/100 MP: 13/13
 14097 | Lair:1   | Entered Level 1 of the Lair of Beasts
 14208 | Lair:1   | Reached skill level 10 in Armour
 14278 | Lair:1   | Found a shimmering altar of Xom.
 14339 | Lair:1   | Received a gift from Okawaru
 14340 | Lair:1   | Found the +8 demon blade "Bloodbane" {slice, *Rage +Rage Stlth-}
 14645 | Lair:1   | Identified a scroll of acquirement
 14648 | Lair:1   | Got a brightly glowing cloak
 14654 | Lair:1   | Identified the +0 cloak of the Quahog {+Inv rPois rC- rN+++} (You acquired it on level 1 of the Lair of Beasts)
 15125 | Lair:2   | Reached skill level 12 in Long Blades
 15460 | Lair:2   | Got a brightly glowing hand axe
 15844 | Lair:3   | Found a dark tunnel.
 15853 | Volcano  | Entered a volcano
 15864 | Volcano  | Received a gift from Okawaru
 15870 | Volcano  | Got a smoking hand axe {god gift}
 16343 | Lair:3   | Found a staircase to the Snake Pit.
 16344 | Lair:3   | Received a gift from Okawaru
 16845 | Lair:3   | Reached skill level 10 in Fighting
 17025 | Lair:4   | Found a staircase to the Swamp.
 17031 | Lair:4   | Reached XP level 14. HP: 108/110 MP: 14/14
 17080 | Lair:4   | Reached skill level 13 in Long Blades
 18057 | Lair:5   | Received a gift from Okawaru
 18143 | Lair:5   | Found a staircase to the Slime Pits.
 18625 | Lair:6   | Entered Level 6 of the Lair of Beasts
 18663 | Lair:6   | Received a gift from Okawaru
 19258 | Lair:6   | Reached skill level 14 in Long Blades
 19923 | Lair:1   | Identified the +2 hand axe of Hazxiqei {chop, rC+} (Okawaru gifted it to you in a volcano)
 20172 | Orc:1    | Entered Level 1 of the Orcish Mines
 20213 | Orc:1    | Noticed a stone giant
 20223 | Orc:1    | Killed a stone giant
 21145 | Orc:1    | Found a bloodstained altar of Trog.
 21203 | Orc:1    | Received a gift from Okawaru
 21386 | Orc:2    | Entered Level 2 of the Orcish Mines
 21444 | Orc:2    | Noticed a stone giant
 21444 | Orc:2    | Found Liwat's Antique Armour Shop.
 21454 | Orc:2    | Killed a stone giant
 21469 | Orc:2    | Bought a brightly glowing chain mail for 294 gold pieces
 21480 | Orc:2    | Identified the +8 chain mail of Untold Secrets {rF+ rC+} (You bought it in a shop on level 2 of the Orcish Mines)
 21522 | Orc:2    | Found Jeerim's General Store.
 21584 | Orc:2    | Found Boomacw's Antique Weapon Emporium.
 21640 | Orc:2    | Found Uroh Kem's Jewellery Boutique.
 21652 | Orc:2    | Reached XP level 15. HP: 87/118 MP: 15/15
 21667 | Orc:2    | Bought the ring "Keluhay" {rCorr +Inv Str+3} for 564 gold pieces
 21786 | Orc:2    | Found Uklissi's Assorted Antiques.
 21855 | Orc:2    | Found a staircase to the Elven Halls.
 22864 | Snake:1  | Entered Level 1 of the Snake Pit
 22865 | Snake:1  | Noticed Aizul
 22886 | Snake:1  | Killed Aizul
 23315 | Snake:1  | Killed from afar by a naga mage

Skill      XL: |  1  2  3  4  5  6  7  8  9 10 11 12 13 14 15 |
---------------+----------------------------------------------+-----
Armour         | 3 4 5 6 7 9 10 11 | 11.9
Long Blades    | 2 3 4 5 7 8 9 10 11 12 14 | 14.2
Shields        | 3 4 5 6 7 9 11 12 13 | 13.1
Fighting       | 4 5 6 7 8 10 11 | 11.4
Dodging        | 1 2 3 4 |  4.0
Stealth        | 1 2 |  2.8
Invocations    | |  0.5
Evocations     | |  0.8

Action                   |  1- 3 |  4- 6 |  7- 9 | 10-12 | 13-15 || total
-------------------------+-------+-------+-------+-------+-------++-------
Melee: Long sword        |    65 |    55 |       |       |       ||   120
       Headbutt          |     7 |    29 |    71 |   149 |   192 ||   448
       Falchion          |       |   131 |   314 |   620 |    40 ||  1105
       Demon blade       |       |       |       |       |   731 ||   731
       Scimitar          |       |       |       |       |    42 ||    42
Invok: Heroism           |       |       |       |     3 |     1 ||     4
Evoke: Wand              |       |       |       |       |    10 ||    10
  Use: Potion            |     1 |       |     3 |     5 |       ||     9
       Scroll            |       |     1 |    12 |     8 |     8 ||    29
 Stab: Distracted        |       |       |       |     2 |     5 ||     7
  Eat: Chunk             |       |     7 |    13 |    41 |    31 ||    92
Armor: Scale mail        |    48 |    44 |       |       |       ||    92
       Chain mail        |       |    50 |   141 |   105 |    75 ||   371
       Plate armour      |       |       |       |   171 |   353 ||   524
Dodge: Dodged            |    24 |    35 |    48 |   106 |   291 ||   504
Block: Shield            |    33 |    80 |   173 |   370 |   600 ||  1256
       Rpst.: Long sword |     6 |     6 |       |       |       ||    12
       Falchion          |       |     8 |    12 |    26 |       ||    46
       Demon blade       |       |       |       |       |    61 ||    61
       Scimitar          |       |       |       |       |     4 ||     4
